 Dungeon Crawl Stone Soup version 0.29.0-13-gc9e81de378 (webtiles) character file.

Game seed: 3589729832200938600

242 xian the Shooter (level 6, -1/36 HPs)
             Began as a Tengu Hunter on Sept 9, 2022.
             Was an Initiate of Okawaru.
             Succumbed to an adder's poison
             ... on level 4 of the Dungeon.
             The game lasted 00:09:14 (3168 turns).

xian the Shooter (Tengu Hunter)                     Turns: 3168, Time: 00:09:14

Health: -1/36      AC:  8    Str: 13    XL:     6   Next: 9%
Magic:  7/7        EV: 11    Int: 14    God:    Okawaru [......]
Gold:   109        SH:  0    Dex: 19    Spells: 5/5 levels left

rFire   . . .      SeeInvis .   a - +0 shortbow
rCold   + . .      Faith    .   (shield currently unavailable)
rNeg    . . .      Spirit   .   b - +2 scale mail "Nygum" {Int+4 Dex+2}
rPois   .          Reflect  .   (helmet restricted)
rElec   .          Harm     .   (no cloak)
rCorr   .          Rampage  .   (no gloves)
Will    .....                   (boots unavailable)
Stlth   +.........              (no amulet)
HPRegen 0.12/turn               n - ring of protection from cold
MPRegen 0.10/turn               (no ring)

@: lethally poisoned (-1 -> -11), flying quickly and evasively, quick
A: beak, talons 3, nimble flight
a: Renounce Religion


You were on level 4 of the Dungeon.
You worshipped Okawaru.
Okawaru was noncommittal.
You visited 1 branch of the dungeon, and saw 4 of its levels.

You collected 109 gold pieces.

Inventory:

Hand Weapons
 a - a +0 shortbow (weapon)
 k - a +2 halberd of flaming
Missiles
 c - 6 poisoned darts
Armour
 b - the +2 scale mail "Nygum" (worn) {Int+4 Dex+2}
   (You found it on level 2 of the Dungeon)

   Int:       It affects your intelligence (+4).
   Dex:       It affects your dexterity (+2).
Jewellery
 n - a ring of protection from cold (left hand)
Scrolls
 d - 2 scrolls of teleportation {unknown}
 e - a scroll of butterflies
 f - 3 scrolls of identify
 g - a scroll of magic mapping
 l - 2 scrolls of immolation
Potions
 h - a potion of might {unknown}
 i - 2 potions of mutation
 j - a potion of ambrosia
 m - 2 potions of curing {unknown}


   Skills:
 + Level 2.9 Fighting
 + Level 7.0 Ranged Weapons
 + Level 2.0 Armour
 + Level 2.2 Dodging
 + Level 1.2 Stealth


You had 5 spell levels left.
You didn't know any spells.
Your spell library contained the following spells:

 Spells                   Type           Power      Damage    Failure   Level
 Summon Small Mammal      Summ           Unusable   N/A       N/A         1
 Call Canine Familiar     Summ           Unusable   N/A       N/A         3
 Summon Guardian Golem    Hex/Summ       Unusable   N/A       N/A         3

Dungeon Overview and Level Annotations

Branches:
Dungeon (4/15)
 Temple: D:4-7

Altars:
Makhleb
Okawaru
Wu Jian
The Shining One


Innate Abilities, Weirdness & Mutations

You have a beak for a mouth.
You have claws for feet.
Your magical nature lets you fly swiftly and evasively.


Message History

The adder attacks as you move away! The adder misses you.
The adder barely misses you. The adder closely misses you.
The adder barely misses you. The adder closely misses you.
The kobold hits you but does no damage.
You are poisoned.
The adder attacks as you move away! The adder barely misses you.
You feel sick.
You feel sick. The adder closely misses you.
The adder attacks as you move away! The adder bites you but does no damage.
The adder attacks as you move away! The adder bites you but does no damage.
You feel sick. The adder attacks as you move away! The adder misses you.
You feel sick. The adder barely misses you.
You feel sick. The adder attacks as you move away!
The adder bites you but does no damage.
You feel sick. The adder attacks as you move away! The adder barely misses you.
You feel sick. The adder misses you. The adder attacks as you move away!
The adder bites you but does no damage.
You feel sick.
You are no longer poisoned.
An orc wizard appears from thin air!
Reactivating autopickup.
The orc wizard casts a spell.
The orc wizard flickers and vanishes!
Deactivating autopickup; reactivate with Ctrl-A.
Found 13 gold pieces.
The adder attacks as you move away! The adder barely misses you.
The adder bites you.
* * * LOW HITPOINT WARNING * * *
You are lethally poisoned!
The adder poisons you! The adder attacks as you move away! The adder bites you.
* * * LOW HITPOINT WARNING * * *
You are more poisoned.
The adder poisons you!
* * * LOW HITPOINT WARNING * * *
You feel very sick. The adder attacks as you move away!
The adder bites you but does no damage.
You die...

#..................# #.....
#.[......>.........######....
#<......................###'#
#............................
........................
........................
$.......................
..............###'#.....
.......@......#...#.....
#####.........#...#.....
#..SS.....#...#.....
+.........#...######
#.........#...##....
#.{K......#...##.... ###
#.........'....'....
....#.........#....#.)..
....#.........#....#..).


You could see 2 adders and a kobold.

Vanquished Creatures
  A jelly (D:4)
  A gnoll bouda (D:3)
  Terence (D:2)
  2 adders (D:3)
  3 gnolls
  An ufetubus (D:3)
  4 worms (D:2)
  3 dart slugs (D:1)
  4 orcs (D:4)
  3 bats
  7 endoplasms
  A giant cockroach (D:4)
  3 goblins
  2 hobgoblins (D:1)
  5 kobolds
  2 quokkas (D:1)
  10 ball pythons
  3 frilled lizards
  3 rats (D:1)
59 creatures vanquished.

Vanquished Creatures (others)
  An orc wizard (D:4)
1 creature vanquished.

Grand Total: 60 creatures vanquished

Notes
Turn   | Place    | Note
-------+----------+-------------------------------------------
     0 | D:1      | xian the Tengu Hunter began the quest for the Orb.
     0 | D:1      | Reached XP level 1. HP: 12/12 MP: 2/2
   227 | D:1      | Reached XP level 2. HP: 17/17 MP: 3/3
   310 | D:1      | Found a faded altar of an unknown god.
   578 | D:1      | Reached skill level 5 in Ranged Weapons
   966 | D:1      | Reached XP level 3. HP: 21/21 MP: 4/4
  1569 | D:2      | Identified the +2 scale mail "Nygum" {Int+4 Dex+2}
  1596 | D:2      | Noticed Terence
  1604 | D:2      | Killed Terence
  1605 | D:2      | Reached XP level 4. HP: 27/27 MP: 5/5
  1795 | D:2      | Found an iron altar of Okawaru.
  1817 | D:2      | Became a worshipper of Warmaster Okawaru
  1952 | D:3      | Reached skill level 6 in Ranged Weapons
  2105 | D:3      | Found an ornate altar of the Wu Jian Council.
  2260 | D:3      | Found a glowing golden altar of the Shining One.
  2333 | D:3      | Gained mutation: Your magical nature lets you fly swiftly
                  | and evasively. [Tengu growth]
  2333 | D:3      | Reached XP level 5. HP: 31/31 MP: 6/6
  2434 | D:3      | HP: 1/31 [gnoll/+0 hand axe[a gnoll bouda] (5)]
  2438 | D:2      | Reached skill level 1 in Armour
  2930 | D:4      | Found a burning altar of Makhleb.
  3136 | D:4      | Reached skill level 7 in Ranged Weapons
  3136 | D:4      | Reached XP level 6. HP: 19/36 MP: 7/7
  3167 | D:4      | HP: 1/36 [poisoned by an adder]
  3168 | D:4      | Succumbed to an adder's poison

Illustrated notes

Levels and vault maps discovered:
D:1:      sevenhm_arrival_forest_fort_small_5, layout_basic,
          ebering_ecumenical_altar_mist
D:2:      layout_loops_ring, basic_altar, uniq_terence
D:3:      layout_rooms, mainiacjoe_overflow_six_doors_small,
          mainiacjoe_overflow_paths
D:4:      layout_gridville, lemuel_crystal_altar, nicolae_gozag_seed_capital

Skill      XL: |  1  2  3  4  5 |
---------------+----------------+-----
Ranged Weapons | 5 6 7 |  7.0
Armour         | 2 |  2.0
Fighting       | |  2.9
Dodging        | |  2.2
Stealth        | |  1.2

Action                   |  1- 3 |  4- 6 || total
-------------------------+-------+-------++-------
Melee: Shortbow          |       |     6 ||     6
       Kick              |       |     2 ||     2
       Peck              |       |     1 ||     1
 Fire: Shortbow          |    96 |    88 ||   184
  Use: Scroll            |     3 |     5 ||     8
       Potion            |       |     1 ||     1
Armor: Leather armour    |     7 |       ||     7
       Scale mail        |       |    49 ||    49
Dodge: Dodged            |    11 |    46 ||    57
